 Dungeon Crawl Stone Soup version 0.30-a0-122-g2a1322497e (webtiles) character file.

Game seed: 12019689275155788831

199494 ragingrage the Hand of Fortune (level 17, -24/139 HPs)
             Began as a Demonspawn Fighter on Sept 15, 2022.
             Was the Champion of Nemelex Xobeh.
             Killed from afar by an elemental wellspring (49 damage)
             ... with a torrent of water
             ... on level 1 of the Shoals.
             The game lasted 00:52:36 (35592 turns).

ragingrage the Hand of Fortune (DsFi)              Turns: 35592, Time: 00:52:36

Health: -24/139    AC: 49    Str: 28    XL:     17   Next: 84%
Magic:  28/28      EV:  9    Int: 10    God:    Nemelex Xobeh [******]
Gold:   1652       SH: 16    Dex: 15    Spells: 16/16 levels left

rFire   + . .      SeeInvis +    a - +9 demon trident (elec)
rCold   + . .      Faith    .    m - +0 tower shield
rNeg    + . .      Spirit   .    R - +9 scales of the Dragon King {rPois rF+ rC+ Will+}
rPois   +          Reflect  .    C - +2 hat of the Lotus Blossom {rN+ SInv}
rElec   .          Harm     .    (cloak unavailable)
rCorr   .          Rampage  .    T - +2 pair of gloves {Stlth+}
Will    +++..                    f - +2 pair of boots {Fly}
Stlth   ..........               b - amulet of regeneration
HPRegen 1.13/turn                Y - +6 ring of strength
MPRegen 0.21/turn                q - +4 ring of slaying

@: engulfed (cannot breathe), sanguine armoured, flying
A: ignite blood 2, powered by death 1, sanguine armour 3, demonic willpower,
weakness stinger 3
}: 1/15 runes: gossamer
a: Renounce Religion, Draw Escape, Draw Destruction, Draw Summoning, Draw Stack,
Triple Draw, Deal Four, Stack Five


You were on level 1 of the Shoals.
You worshipped Nemelex Xobeh.
Nemelex Xobeh was exalted by your worship.
You visited 5 branches of the dungeon, and saw 27 of its levels.
You also visited: Ossuary, Bailey, Gauntlet, Ice Cave and Volcano.

You collected 5107 gold pieces.
You spent 3455 gold pieces at shops.

Inventory:

Hand Weapons
 a - a +9 demon trident of electrocution (weapon)
Missiles
 l - 4 throwing nets
 o - 36 poisoned darts (quivered)
 v - 4 javelins
 N - 19 silver javelins
Armour
 f - a +2 pair of boots of flying (worn)
 m - a +0 tower shield (worn)
 s - the +6 kite shield of Gistropha {+Inv rPois rF+ Will-}
   (You bought it in a shop on level 2 of the Dungeon)

   rF:        It protects you from fire.
   rPois:     It protects you from poison.
   +Inv:      It lets you turn invisible.
   Will:      It decreases your willpower.
 C - the +2 hat of the Lotus Blossom (worn) {rN+ SInv}
   (You found it on level 4 of the Spider Nest)

   rN:        It protects you from negative energy.
   SInv:      It lets you see invisible.
 R - the +9 scales of the Dragon King (worn) {rPois rF+ rC+ Will+}
   (You bought it in a shop on level 2 of the Dungeon)

   rF:        It protects you from fire.
   rC:        It protects you from cold.
   rPois:     It protects you from poison.
   Will:      It increases your willpower.
 T - a +2 pair of gloves of stealth (worn)
Jewellery
 b - an amulet of regeneration (around neck)
 c - a ring of see invisible
 q - a +4 ring of slaying (right hand)
 z - a ring of resist corrosion
 J - a ring of ice
 Y - a +6 ring of strength (left hand)
Wands
 D - a wand of charming (23)
 H - a wand of flame (27)
 I - a wand of mindburst (25)
 O - a wand of light (13)
 P - a wand of roots (12)
 W - a wand of polymorph (4)
Scrolls
 e - 12 scrolls of teleportation
 h - 5 scrolls of vulnerability
 k - 2 scrolls of brand weapon
 n - 7 scrolls of amnesia
 r - a scroll of silence
 u - 5 scrolls of blinking
 y - 4 scrolls of fog
 A - 4 scrolls of poison
 B - 6 scrolls of fear
 G - a scroll of enchant armour
 Q - a scroll of magic mapping
Potions
 d - 5 potions of might
 g - 14 potions of curing
 i - 10 potions of heal wounds
 j - 5 potions of attraction
 p - 5 potions of mutation
 t - 3 potions of lignification
 w - 2 potions of cancellation
 x - 6 potions of ambrosia
 E - 4 potions of magic
 F - 8 potions of haste
 K - 2 potions of resistance
 S - a potion of flight
 U - 2 potions of berserk rage
 X - 4 potions of invisibility
Miscellaneous
 L - a condenser vane
 V - a lightning rod (4/4)


   Skills:
 + Level 14.1 Fighting
 - Level 14.0 Polearms
 + Level 5.3 Throwing
 + Level 13.8 Armour
 - Level 14.0 Dodging
 + Level 10.4 Shields
 - Level 15.0 Invocations
 - Level 9.0 Evocations


You had 16 spell levels left.
You didn't know any spells.
Your spell library contained the following spells:

 Spells                   Type           Power      Damage    Failure   Level
 Foxfire                  Conj/Fire      0%         2x1d4     100%        1
 Sandblast                Erth           0%         2d4       100%        1
 Slow                     Hex            0%         N/A       100%        1
 Ensorcelled Hibernation  Hex/Ice        0%         N/A       100%        2
 Passwall                 Tmut/Erth      0%         N/A       100%        2
 Confusing Touch          Hex            0%         N/A       100%        3
 Frozen Ramparts          Ice            0%         1d1       100%        3
 Inner Flame              Hex/Fire       0%         N/A       100%        3
 Kindle Blastsparks       Fire/Tloc/Air  0%         2d10      100%        3
 Ozocubu's Armour         Ice            0%         N/A       100%        3
 Stone Arrow              Conj/Erth      0%         3d7       100%        3
 Swiftness                Air            0%         N/A       100%        3
 Vampiric Draining        Necr           0%         2d6       100%        3
 Airstrike                Air            0%         2d(0-16)  100%        4
 Animate Armour           Summ/Erth      0%         N/A       100%        4
 Animate Dead             Necr           0%         N/A       100%        4
 Flame Wave               Conj/Fire      0%         2d4       100%        4
 Ice Form                 Ice/Tmut       0%         N/A       100%        4
 Passage of Golubria      Tloc           0%         N/A       100%        4
 Petrify                  Tmut/Erth      0%         N/A       100%        4
 Summon Ice Beast         Ice/Summ       0%         N/A       100%        4
 Summon Lightning Spire   Summ/Air       0%         N/A       100%        4
 Borgnjor's Vile Clutch   Necr/Erth      0%         N/A       100%        5
 Freezing Cloud           Conj/Ice/Air   0%         6-21      100%        5
 Lightning Bolt           Conj/Air       0%         1d11      100%        5
 Metabolic Englaciation   Hex/Ice        0%         N/A       100%        5
 Silence                  Hex/Air        0%         N/A       100%        5
 Summon Forest            Summ/Tloc      0%         N/A       100%        5
 Death Channel            Necr           0%         N/A       100%        6
 Eringya's Noxious Bog    Tmut/Pois      0%         N/A       100%        6
 Iron Shot                Conj/Erth      0%         9d1       100%        6
 Simulacrum               Ice/Necr       0%         N/A       100%        6
 Spellforged Servitor     Conj/Summ      0%         N/A       100%        7
 Storm Form               Tmut/Air       0%         N/A       100%        7
 Summon Hydra             Summ           0%         N/A       100%        7
 Lehudib's Crystal Spear  Conj/Erth      0%         10d2      100%        8
 Maxwell's Capacitive Co  Air            0%         ∞         100%        8


Dungeon Overview and Level Annotations

Branches:
Dungeon (15/15)            Temple (0/1) D:7            Lair (5/5) D:8
 Shoals (1/4) Lair:3       Spider (4/4) Lair:2        Slime (0/5) Lair:5
    Orc (2/2) D:12            Elf (0/3) Orc:2        Vaults (0/5) D:14
 Depths (0/4) D:15        Ossuary (visited)          Bailey (visited)
  IceCv (visited)         Volcano (visited)         Gauntlet (visited)

Altars:
Ashenzari
Cheibriados
Hepliaklqana
Kikubaaqudgha
Nemelex Xobeh
Qazlal
Trog
Yredelemnul
Jiyva

Shops:
D:2 [   D:9 ?   Orc:1 [   Orc:2 (:[*?   Shoals:1 (

Annotations:
D:5 1 runed translucent door, Crazy Yiuf
Lair:4 2 transporters, dragoon's ghost, journeyman HuCj
Orc:1 6 transporters
Orc:2 3 runed translucent doors, bootyos's ghost, journeyman DsGl


Innate Abilities, Weirdness & Mutations

Your demonic aura often causes spilled blood to erupt in flames.
You regenerate a little health from kills.
When seriously injured, your blood forms very thick armour. (AC +12)
You punish those that try to bend your will. (Will+)
You have a sharp stinger which inflicts weakening toxins.


Message History

The water elemental is moderately damaged.
Your lungs strain for air!
You block the water elemental's attack.
Reach: a) +9 demon trident (elec)
Press: ? - help, Dir - move target, f/p - water elemental
Aim: a water elemental (moderately damaged, summoned, about 16% to evade your +9 demon trident of electrocution)
You puncture the water elemental!
The water elemental is heavily damaged.
Your lungs strain for air!
You block the water elemental's attack. The water elemental hits you.
You block the water elemental's attack.
You puncture the water elemental!
Your tail-slap misses the water elemental.
The water elemental is almost destroyed.
Your lungs strain for air!
You block the water elemental's attack. x2; The water elemental hits you.
You barely miss the water elemental.
The water elemental is almost destroyed.
Your lungs strain for air!
A torrent of water rises up through the elemental wellspring!
The torrent of water passes through the water elemental.
The torrent of water misses you.
The wave splashes down.
The water elemental closely misses you. The water elemental hits you!
* * * LOW HITPOINT WARNING * * *
You block the water elemental's attack.
You puncture the water elemental!
You destroy the water elemental!
The water elemental disappears in a puff of smoke!
* * * LOW HITPOINT WARNING * * *
Your lungs strain for air!
You block the water elemental's attack.
You impale the elemental wellspring!!
The elemental wellspring is severely damaged.
* * * LOW HITPOINT WARNING * * *
Your lungs strain for air!
The water elemental hits you.
A torrent of water rises up through the elemental wellspring!
The torrent of water hits you!!!
You die...
Your body disappears without a glow.

≈≈≈....##......~#~~....####..~~≈≈
≈≈~~..........#~E~~#####...~#~~≈≈
~~~.........#..~§~##≈≈≈##..~~~#≈≈
~~~..[........#####≈E≈≈≈#####~≈≈≈
~~~.........#.#~~≈E≈E≈≈≈ #≈#≈≈
~~~...........~~~~E≈≈≈≈≈ #≈≈≈≈
~~~~~.......#.#~~E≈≈≈≈≈≈ #≈#≈≈
~~~≈~~.......~#####≈≈≈≈≈#####≈≈≈≈
.~~~≈~~.....#~~E@~##≈≈≈##≈≈≈≈≈#≈≈
.~~~≈~~~....~~#EE~~#####≈≈≈≈#≈≈≈≈
.~)~~~~~........#...~~~~≈≈#≈≈≈≈≈≈
#.~~~~~~~~~~~.....#.#~#~#≈≈≈≈≈≈≈≈
#..~~~~~~~~~~~~~~~.~~≈~~~~~~~~≈≈≈
##~~~~~~~~~~~~~~.~~~≈~~~~~~~~~~≈≈
#.~~~~~~~~~~~≈≈≈≈≈≈≈≈≈~.~~~~~~~~≈
>..~~~~~≈≈≈≈≈≈≈≈≈≈≈≈≈≈~.~~~~~~~~~
.(~~~~~~≈≈≈≈≈≈≈≈≈≈≈≈~~~~~~~~~~~~~


You could see an elemental wellspring and 2 water elementals.

Vanquished Creatures
  Arachne (Spider:3)
  Jorgrun (D:12)
  Rupert (Orc:2)
  The ghost of Efoceph the Blocker, an adept GnFi of Okawaru (Spider:4)
  Gastronok (Orc:1)
  3 emperor scorpions
  5 ghost moths
  A reaper (IceCv)
  A broodmother (Spider:2)
  A very ugly thing (IceCv)
  An ironbound preserver (D:14)
  2 elemental wellsprings (Shoals:1)
  3 entropy weavers
  2 spark wasps
  A minotaur (Gauntlet)
  Josephine (D:14)
  A great orb of eyes (Lair:5)
  Fannar (Orc:1)
  Harold (Orc:1)
  2 rakshasas (D:15)
  5 hydras
  A catoblepas (Lair:5)
  2 caustic shrike simulacra (IceCv)
  9 boulder beetles
  A radroach (Spider:4)
  Erica (D:11)
  A merfolk avatar (Shoals:1)
  2 jorogumos
  5 two-headed ogres
  4 centaur warriors
  A death knight (D:14)
  A tengu warrior (D:14)
  5 death yaks
  2 orc high priests (Orc:2)
  A shock serpent (shapeshifter) (D:15)
  Nergalle (Orc:1)
  A fire crab (Spider:4)
  A skeletal warrior (D:14)
  4 pharaoh ants
  11 orb spiders
  3 sea snakes (Shoals:1)
  A deep elf archer (Volcano)
  2 steelbarb worms
  A bog body (IceCv)
  A glowing orange brain (D:15)
  6 harpies (Shoals:1)
  A spriggan simulacrum (IceCv)
  A lindwurm (Lair:5)
  2 obsidian statues (IceCv)
  2 orc knights
  11 wolf spiders
  27 ugly things
  7 deep elf pyromancers
  11 manticores
  A faun (Shoals:1)
  6 orc sorcerers (Orc:2)
  6 cyclopes
  A shining eye (Orc:2)
  6 black mambas
  5 moths of wrath
  4 water nymphs (Shoals:1)
  Maurice (Orc:2)
  5 elephants
  2 gargoyles
  3 merfolk sirens
  6 torpor snails
  13 komodo dragons
  2 unseen horrors
  14 cane toads
  An efreet (Gauntlet)
  A kobold demonologist (Bailey)
  An anaconda simulacrum (IceCv)
  5 rime drakes (Lair:5)
  5 freezing wraiths (IceCv)
  12 demonic crawlers
  5 golden dragon simulacra (IceCv)
  7 trolls
  8 meliai
  2 wind drakes
  6 merfolk
  Prince Ribbit (D:5)
  27 tarantellas
  8 blink frogs
  9 dream sheep
  13 slime creatures
  4 snapping turtles
  26 jumping spiders
  12 culicivoras
  2 wyverns
  6 wraiths
  3 shadows
  A vampire (D:14)
  A water elemental (D:12)
  A dire elephant simulacrum (IceCv)
  35 yaks
  A human (D:10)
  A human (shapeshifter) (D:15)
  2 basilisks
  2 hogs (D:10)
  5 fire elementals (Volcano)
  2 steam dragons
  A golden eye (Lair:5)
  44 redbacks
  9 vampire mosquitoes
  2 wargs
  A harpy simulacrum (IceCv)
  Edmund (D:4)
  4 acid dragons
  7 hell hounds (Volcano)
  A hydra simulacrum (IceCv)
  19 water moccasins
  44 orc warriors
  2 ettin simulacra (IceCv)
  A sky beast (D:6)
  A black bear (D:7)
  4 ice beasts
  A tengu (Orc:2)
  A boggart (Orc:2)
  7 ogres
  18 centaurs
  25 wolves
  An elf zombie (Ossuary)
  A phantom (D:4)
  A kobold brigand (D:8)
  A necrophage (D:7)
  9 bullfrogs
  A deep troll simulacrum (IceCv)
  2 gnoll sergeants
  4 scorpions
  12 wights
  10 killer bees
  5 howler monkeys
  15 electric eels
  4 lava snakes (Lair:1)
  2 centaur zombies (Ossuary)
  A gnoll bouda (D:7)
  30 orc priests
  8 hounds
  A human zombie (Ossuary)
  7 jellies (Lair:5)
  Jessica (D:15)
  4 iguanas
  23 orc wizards
  4 mummies
  23 gnolls
  A river rat (Lair:3)
  13 adders
  A white imp (D:8)
  An ufetubus (D:5)
  68 orcs
  5 endoplasms
  3 giant cockroaches
  2 gnoll zombies (Ossuary)
  14 goblins
  6 hobgoblins
  10 kobolds
  6 quokkas
  7 ball pythons
  2 bats (D:1)
  4 frilled lizards
  5 goblin zombies (Ossuary)
  4 hobgoblin zombies (Ossuary)
  A jackal zombie (Ossuary)
  3 kobold zombies (Ossuary)
  4 orc zombies (Ossuary)
  3 quokka zombies (Ossuary)
  7 rats
  7 rat zombies (Ossuary)
996 creatures vanquished.

Vanquished Creatures (collateral kills)
  A golden dragon (Orc:2)
  The ghost of Zicym the Severer, an adept MeFi of Ashenzari (Spider:4)
  An orc warlord (Orc:2)
  2 reapers (IceCv)
  A fire dragon (Lair:5)
  A catoblepas (Lair:5)
  A merfolk avatar (Shoals:1)
  An orc high priest (Orc:2)
  A death yak (Lair:5)
  A tengu warrior (D:13)
  2 slime creatures (D:12)
  2 orc knights (Orc:2)
  3 harpies (Shoals:1)
  A lindwurm (Lair:5)
  A swamp dragon (Lair:5)
  A manticore (Shoals:1)
  An orc sorcerer (Orc:2)
  An ugly thing (D:14)
  A water nymph (Shoals:1)
  A guardian serpent (Lair:5)
  A torpor snail (Lair:5)
  A komodo dragon (Lair:5)
  A tengu conjurer (D:13)
  2 merfolk (Shoals:1)
  A meliai (D:14)
  A snapping turtle (Shoals:1)
  2 dream sheep (Shoals:1)
  3 yaks (Lair:5)
  2 wargs
  6 orc warriors (Orc:2)
  5 jellies (Lair:5)
  2 orc priests
  4 orc wizards
  2 adders
  A dart slug (D:3)
  11 orcs
  A ball python (D:4)
  2 endoplasms
  A kobold (D:4)
74 creatures vanquished.

Vanquished Creatures (others)
  A deep elf pyromancer (Volcano)
  A wolf (D:8)
  A killer bee (Orc:2)
  A block of ice (Shoals:1)
  30 demonic plants (Gauntlet)
  20 fungi
  62 plants
  5 withered plants
121 creatures vanquished.

Grand Total: 1191 creatures vanquished

Notes
Turn   | Place    | Note
-------+----------+-------------------------------------------
     0 | D:1      | ragingrage the Demonspawn Fighter began the quest for the
                  | Orb.
     0 | D:1      | Reached XP level 1. HP: 18/18 MP: 1/1
   291 | D:1      | Found a faded altar of an unknown god.
   329 | D:1      | Prayed at the altar of an unknown god.
   329 | D:1      | Became a worshipper of Nemelex Xobeh the Trickster
   329 | D:1      | Reached * piety under Nemelex Xobeh
   473 | D:1      | Received a gift from Nemelex Xobeh
   475 | D:1      | Gained mutation: When seriously injured, your blood forms
                  | armour. (AC +12) [demonic ancestry]
   475 | D:1      | Reached XP level 2. HP: 24/24 MP: 2/2
   685 | D:1      | Reached skill level 1 in Invocations
  1050 | D:2      | Reached ** piety under Nemelex Xobeh
  1112 | D:2      | Gained mutation: Your demonic aura sometimes causes spilled
                  | blood to erupt in flames. [demonic ancestry]
  1112 | D:2      | Reached XP level 3. HP: 29/29 MP: 4/4
  1199 | D:2      | Reached skill level 2 in Invocations
  1490 | D:2      | Found Tiquv's Antique Armour Emporium.
  2021 | D:2      | Reached skill level 3 in Invocations
  2021 | D:2      | Gained mutation: You have a small tail. [demonic ancestry]
  2021 | D:2      | Reached XP level 4. HP: 35/35 MP: 4/6
  2596 | D:3      | Reached XP level 5. HP: 31/41 MP: 7/7
  2599 | D:3      | Reached skill level 4 in Invocations
  3058 | D:2      | Bought a jewelled kite shield for 171 gold pieces
  3058 | D:2      | Identified the +6 kite shield of Gistropha {+Inv rPois rF+
                  | Will-} (You bought it in a shop on level 2 of the Dungeon)
  3269 | D:4      | Noticed a steam dragon
  3270 | D:4      | Noticed a phantom
  3284 | D:4      | Killed a steam dragon
  3285 | D:4      | Reached skill level 5 in Invocations
  3285 | D:4      | Gained mutation: You have a tail ending in a sharp stinger.
                  | [demonic ancestry]
  3285 | D:4      | Reached XP level 6. HP: 32/47 MP: 8/10
  3384 | D:4      | Found a sand-covered staircase.
  3390 | D:4      | Reached skill level 5 in Polearms
  3453 | Ossuary  | Entered an ossuary
  3453 | Ossuary  | Received a gift from Nemelex Xobeh
  3499 | Ossuary  | Reached skill level 6 in Invocations
  3554 | Ossuary  | Reached XP level 7. HP: 33/52 MP: 11/11
  3915 | D:4      | Reached *** piety under Nemelex Xobeh
  3922 | D:4      | Reached skill level 7 in Invocations
  4042 | D:4      | Identified the +10 falchion of Cuaruv {pain, Str+4 Int+2}
  4066 | D:4      | Found a snail-covered altar of Cheibriados.
  4237 | D:5      | Entered Level 5 of the Dungeon
  4357 | D:5      | Noticed Edmund
  4384 | D:4      | Killed Edmund
  4385 | D:4      | Reached skill level 8 in Invocations
  4420 | D:4      | Gained mutation: You have a sharp stinger which inflicts
                  | weakening toxins. [demonic ancestry]
  4420 | D:4      | Reached XP level 8. HP: 33/58 MP: 14/14
  4645 | D:5      | Noticed Prince Ribbit
  4657 | D:5      | Killed Prince Ribbit
  4658 | D:5      | Reached skill level 9 in Invocations
  4840 | D:5      | Reached skill level 1 in Evocations
  4945 | D:5      | Identified the +11 hammer of Vuyngoac {venom, Fragile rN+
                  | Int+3}
  4957 | D:5      | Found a runed translucent door.
  4958 | D:5      | Noticed Crazy Yiuf
  5420 | D:5      | Gained mutation: When seriously injured, your blood forms
                  | thick armour. (AC +12) [demonic ancestry]
  5420 | D:5      | Reached XP level 9. HP: 49/63 MP: 15/15
  5602 | D:6      | Received a gift from Nemelex Xobeh
  5802 | D:6      | Received a gift from Nemelex Xobeh
  5918 | D:6      | Reached skill level 5 in Evocations
  6087 | D:6      | Received a gift from Nemelex Xobeh
  6220 | D:7      | Reached **** piety under Nemelex Xobeh
  6709 | D:7      | Reached skill level 10 in Polearms
  6844 | D:7      | Found an ancient bone altar of Kikubaaqudgha.
  7071 | D:7      | Found a staircase to the Ecumenical Temple.
  7533 | D:7      | Received a gift from Nemelex Xobeh
  8049 | D:8      | Gained mutation: You punish those that try to bend your
                  | will. (Will+) [demonic ancestry]
  8049 | D:8      | Reached XP level 10. HP: 57/70 MP: 16/16
  8620 | D:7      | Reached skill level 1 in Dodging
  9063 | D:8      | Reached skill level 5 in Fighting
  9164 | D:9      | Received a gift from Nemelex Xobeh
  9301 | D:9      | Found Naice's Magic Scroll Shop.
  9306 | D:9      | Bought a scroll of blinking for 75 gold pieces
  9306 | D:9      | Bought a scroll of fear for 40 gold pieces
  9781 | D:8      | Found a staircase to the Lair.
  9787 | D:8      | Received a gift from Nemelex Xobeh
 10151 | D:9      | Found a basalt altar of Yredelemnul.
 10151 | D:9      | Found a broken altar of Ashenzari.
 10173 | D:9      | Found a stormy altar of Qazlal.
 10193 | D:9      | Reached ***** piety under Nemelex Xobeh
 10404 | D:9      | Noticed a two-headed ogre
 10408 | D:9      | Killed a two-headed ogre
 10409 | D:9      | Reached skill level 10 in Invocations
 10690 | D:10     | Entered Level 10 of the Dungeon
 10780 | D:10     | Received a gift from Nemelex Xobeh
 10869 | D:10     | Found a flagged portal.
 10878 | Bailey   | Entered a bailey
 11062 | Bailey   | Reached XP level 11. HP: 79/81 MP: 18/18
 11657 | Bailey   | Found an iron altar of Okawaru.
 11657 | Bailey   | Noticed an orc high priest
 11661 | Bailey   | Noticed a steelbarb worm
 11661 | Bailey   | an orc high priest changed into a steelbarb worm
 11662 | Bailey   | Killed a steelbarb worm
 11889 | Bailey   | Identified the +1 fire dragon scales of Generosity {rF++
                  | rC- Int+4}
 12106 | D:10     | Acquired a manual of Dodging
 12108 | D:10     | Acquired a +5 demon trident of electrocution
 12113 | D:10     | Acquired the amulet of Psychosis {Reflect Str+2 Int+4 SH+5}
 12412 | D:10     | Received a gift from Nemelex Xobeh
 12529 | D:10     | Found a hazy altar of Hepliaklqana.
 12663 | D:10     | Reached skill level 5 in Dodging
 12829 | D:11     | Noticed a two-headed ogre
 12837 | D:11     | Killed a two-headed ogre
 12877 | D:11     | Noticed a two-headed ogre
 12886 | D:11     | Killed a two-headed ogre
 13423 | D:11     | Noticed Erica
 13428 | D:11     | Killed Erica
 13600 | D:11     | Received a gift from Nemelex Xobeh
 13976 | Lair:1   | Entered Level 1 of the Lair of Beasts
 14227 | Lair:1   | Reached XP level 12. HP: 89/89 MP: 19/19
 15737 | Lair:2   | Noticed a five-headed hydra
 15743 | Lair:2   | Killed a five-headed hydra
 15750 | Lair:2   | Reached skill level 5 in Shields
 15891 | Lair:2   | Found a hole to the Spider Nest.
 16018 | Lair:2   | Reached skill level 5 in Armour
 16389 | Lair:3   | Received a gift from Nemelex Xobeh
 16546 | Lair:3   | Reached skill level 11 in Invocations
 16806 | Lair:3   | Found a staircase to the Shoals.
 17124 | Lair:3   | Received a gift from Nemelex Xobeh
 17606 | Lair:4   | Noticed a death yak
 17606 | Lair:4   | Noticed a death yak
 17608 | Lair:4   | Noticed a death yak
 17615 | Lair:3   | Killed a death yak
 17831 | Lair:4   | Gained mutation: When seriously injured, your blood forms
                  | very thick armour. (AC +12) [demonic ancestry]
 17831 | Lair:4   | Reached XP level 13. HP: 77/97 MP: 21/21
 18176 | Lair:4   | Found a transporter.
 18185 | Lair:4   | Noticed dragoon's ghost (journeyman HuCj)
 18252 | Lair:4   | Found a transporter.
 18270 | Lair:4   | Found a bloodstained altar of Trog.
 18589 | Lair:5   | Entered Level 5 of the Lair of Beasts
 18600 | Lair:5   | Reached skill level 12 in Invocations
 18736 | Lair:5   | Received a gift from Nemelex Xobeh
 18769 | Lair:5   | Found a dark tunnel.
 18774 | Volcano  | Entered a volcano
 19306 | Lair:5   | Paralysed by a great orb of eyes for 2 turns
 19796 | Lair:5   | Reached skill level 13 in Invocations
 19796 | Lair:5   | Reached XP level 14. HP: 100/108 MP: 23/23
 19928 | Lair:5   | Reached skill level 10 in Dodging
 20274 | Lair:5   | Got the Volume of Transforming Conflict
 20392 | Lair:5   | Reached ****** piety under Nemelex Xobeh
 20442 | Lair:5   | Received a gift from Nemelex Xobeh
 20533 | Lair:5   | Found a viscous altar of Jiyva.
 20534 | Lair:5   | Found a staircase to the Slime Pits.
 21002 | D:12     | Noticed Jorgrun
 21013 | D:12     | Killed Jorgrun
 21945 | D:12     | HP: 4/109 [titanic slime creature (40)]
 21947 | D:12     | Identified the +1 trident of the Lame Duck {vamp, Str+4}
 22447 | D:12     | Found a staircase to the Orcish Mines.
 22862 | D:12     | Received a gift from Nemelex Xobeh
 22958 | Orc:1    | Entered Level 1 of the Orcish Mines
 23105 | Orc:1    | Noticed Fannar
 23122 | Orc:1    | Killed Fannar
 23135 | Orc:1    | Found a transporter.
 23135 | Orc:1    | Found a sparkling altar of Nemelex Xobeh.
 23136 | Orc:1    | Found a transporter.
 23137 | Orc:1    | Found a transporter.
 23137 | Orc:1    | Noticed a juggernaut
 23345 | Orc:1    | Received a gift from Nemelex Xobeh
 23347 | Orc:1    | Noticed Harold
 23360 | Orc:1    | Killed Harold
 23368 | Orc:1    | Reached skill level 10 in Fighting
 23368 | Orc:1    | Reached skill level 14 in Invocations
 23369 | Orc:1    | Noticed Gastronok
 23382 | Orc:1    | Killed Gastronok
 23419 | Orc:1    | Found Pahut's Antique Armour Shoppe.
 23442 | Orc:1    | Noticed Nergalle
 23447 | Orc:1    | Killed Nergalle
 23541 | Orc:1    | Found a transporter.
 23541 | Orc:1    | Found a transporter.
 23541 | Orc:1    | Found a transporter.
 23678 | Orc:2    | Entered Level 2 of the Orcish Mines
 23722 | Orc:2    | Noticed Rupert
 23728 | Orc:2    | Killed Rupert
 23760 | Orc:2    | Found Cahefu Viupp's Magic Scroll Boutique.
 23776 | Orc:2    | Found a staircase to the Elven Halls.
 23783 | Orc:2    | Noticed Maurice
 23787 | Orc:2    | Killed Maurice
 23792 | Orc:2    | Noticed Urug
 23793 | Orc:2    | Noticed Urug
 23793 | Orc:2    | Urug changed into Urug the dream sheep
 23797 | Orc:2    | Killed Urug the dream sheep
 23854 | Orc:2    | Noticed Saint Roka
 23857 | Orc:2    | Noticed Saint Roka
 23857 | Orc:2    | Saint Roka changed into Saint Roka the golden dragon
 23863 | Orc:2    | Killed Saint Roka the golden dragon
 23990 | Orc:2    | Found a runed translucent gate.
 23990 | Orc:2    | Found a runed translucent gate.
 23992 | Orc:2    | Found a runed translucent gate.
 23993 | Orc:2    | Noticed bootyos's ghost (journeyman DsGl)
 24058 | Orc:2    | Received a gift from Nemelex Xobeh
 24142 | Orc:2    | Noticed an orc warlord
 24351 | Orc:2    | Killed an orc warlord
 24387 | Orc:2    | Reached XP level 15. HP: 117/117 MP: 25/25
 24601 | Orc:2    | Paralysed by an orc sorcerer for 2 turns
 24701 | Orc:2    | Found Habriog's General Store.
 24702 | Orc:2    | Found Ivvethau's Book Boutique.
 24704 | Orc:2    | Found Pusev's Antique Armour Boutique.
 24704 | Orc:2    | Found Lujegeg's Antique Weapon Shop.
 24719 | Orc:2    | Bought a scroll of fog for 60 gold pieces
 25097 | D:2      | Bought the +9 scales of the Dragon King {rPois rF+ rC+
                  | Will+} for 2246 gold pieces
 25097 | D:2      | Found the +9 scales of the Dragon King {rPois rF+ rC+
                  | Will+}
 25410 | D:13     | Found a gate leading to a gauntlet.
 25430 | Gauntlet | Entered a Gauntlet
 25430 | Gauntlet | Found a transporter.
 25430 | Gauntlet | Found a transporter.
 25430 | Gauntlet | Found a transporter.
 25478 | Gauntlet | Found a transporter.
 25488 | Gauntlet | Found a transporter.
 25509 | Gauntlet | Found a transporter.
 25514 | Gauntlet | Received a gift from Nemelex Xobeh
 25515 | Gauntlet | Found a transporter.
 25523 | Gauntlet | Found a transporter.
 25541 | Gauntlet | Found a transporter.
 25549 | Gauntlet | Found a transporter.
 25566 | Gauntlet | Found a transporter.
 25589 | Gauntlet | Found a transporter.
 25719 | Gauntlet | Identified the +0 cloak of the Tanner {Slay+3}
 25761 | Gauntlet | Identified the +0 executioner's axe of Zonogg {spect, rN+
                  | MP+9 Str-2 SInv}
 25761 | Gauntlet | Identified the +8 trident "Ysoeposipp" {vorpal, Int+4}
 26052 | D:13     | Reached skill level 15 in Invocations
 26468 | D:14     | Found a gate to the Vaults.
 26519 | D:14     | Received a gift from Nemelex Xobeh
 27250 | D:14     | Noticed Josephine
 27257 | D:14     | Killed Josephine
 27258 | D:14     | Reached skill level 10 in Shields
 27420 | D:14     | Reached skill level 10 in Armour
 27682 | D:15     | Entered Level 15 of the Dungeon
 27982 | D:15     | Acquired 930 gold pieces
 28113 | Orc:1    | Bought a pair of runed boots for 285 gold pieces
 28250 | D:9      | Bought a scroll of blinking for 75 gold pieces
 28250 | D:9      | Bought a scroll of brand weapon for 95 gold pieces
 28250 | D:9      | Bought a scroll of identify for 20 gold pieces
 28250 | D:9      | Bought a scroll of teleportation for 30 gold pieces
 28453 | Orc:2    | Bought a potion of invisibility for 120 gold pieces
 28513 | Orc:2    | Bought a scroll of blinking for 105 gold pieces
 28513 | Orc:2    | Bought a scroll of silence for 133 gold pieces
 28667 | D:15     | Received a gift from Nemelex Xobeh
 28812 | D:15     | Gained mutation: Your demonic aura often causes spilled
                  | blood to erupt in flames. [demonic ancestry]
 28812 | D:15     | Reached XP level 16. HP: 127/127 MP: 27/27
 28946 | D:15     | Found a staircase to the Depths.
 29013 | D:15     | Found a sparkling altar of Nemelex Xobeh.
 29013 | D:15     | Noticed Jessica
 29016 | D:15     | Killed Jessica
 29340 | Spider:1 | Entered Level 1 of the Spider Nest
 29711 | Spider:1 | Found a frozen archway.
 29731 | IceCv    | Entered an ice cave
 29842 | IceCv    | Received a gift from Nemelex Xobeh
 30419 | IceCv    | Got the Compilation of the Chill
 31839 | Spider:2 | Acquired 749 gold pieces
 32109 | Spider:3 | Noticed Arachne
 32138 | Spider:3 | Received a gift from Nemelex Xobeh
 32176 | Spider:2 | Reached skill level 1 in Throwing
 32360 | Spider:3 | Killed Arachne
 32394 | Spider:3 | Gained mutation: You regenerate a little health from kills.
                  | [demonic ancestry]
 32394 | Spider:3 | Reached XP level 17. HP: 94/136 MP: 28/28
 32757 | Spider:4 | Entered Level 4 of the Spider Nest
 32902 | Spider:4 | Received a gift from Nemelex Xobeh
 33563 | Spider:4 | Found a runed translucent gate.
 33563 | Spider:4 | Found a runed translucent gate.
 33563 | Spider:4 | Found a runed translucent gate.
 33565 | Spider:4 | Noticed Zicym's ghost (adept MeFi)
 33565 | Spider:4 | Noticed Efoceph's ghost (adept GnFi)
 33609 | Spider:4 | Got a gossamer rune of Zot
 33821 | Spider:4 | Killed Zicym's ghost
 33908 | Spider:4 | Killed Efoceph's ghost
 33915 | Spider:4 | Identified the +2 hat of the Lotus Blossom {rN+ SInv}
 34100 | Shoals:1 | Entered Level 1 of the Shoals
 34471 | Shoals:1 | Received a gift from Nemelex Xobeh
 34685 | Shoals:1 | Found Xaitygohu's Weapon Shop.
 34902 | Shoals:1 | Reached skill level 5 in Throwing
 35592 | Shoals:1 | Killed from afar by an elemental wellspring

Illustrated notes

Levels and vault maps discovered:
D:1:      roderic_octagonal_star, layout_basic, basic_ecumenical_altar
D:2:      layout_loops_ring, serial_shops, nicolae_shop_overgrown_old_shop
D:3:      layout_rooms, kennysheep_doodads
D:4:      layout_rooms, old_standard_altar, gup_ossuary_entry_pyramid,
          kennysheep_decorative_pillar
D:5:      layout_rooms, minmay_misc_feat_ornament, uniq_crazy_yiuf_cottage,
          uniq_edmund, uniq_prince_ribbit1
D:6:      layout_basic
D:7:      hellmonk_ruined_rings, layout_basic, kiku_gazebo_garden_becter,
          minmay_temple_entry_enclosed_plants
D:8:      layout_rooms, erik_lair_island
D:9:      layout_gridville, nicolae_qazlal_eye_of_the_storm,
          mainiacjoe_overflow_alcove_3, serial_shops, shop
D:10:     layout_stronghold, worldfamousw_hep_ancestral_shrine, enter_bailey_8,
          grunt_livestock
D:11:     layout_roguey, uniq_erica
D:12:     layout_gridville, erik_orc_2, uniq_jorgrun
D:13:     layout_cave_pools, gauntlet_entry_generic, minivault_24
D:14:     layout_long_grid, skrybe_vaults_entry_preservation,
          dreamdust_wishing_well, hangedman_decor_points, uniq_josephine
D:15:     gammafunk_enter_depths_forms, layout_rooms,
          nemelex_lonely_heart_becter
Lair:1:   layout_small_grid, nicolae_lair_liquid_snakes,
          infiniplex_staircase_pool
Lair:2:   layout_regular_city, nicolae_spider_entry_orb_guardian, st_stairs_13,
          beast_lair_carwin_8, serial_bayou_shore_b, lemuel_fruit_tree,
          serial_bayou_shore_a
Lair:3:   layout_layer_cave, minmay_shoals_entry_lonely_mermaid, pond
Lair:4:   layout_loops_ring, gammafunk_ghost_wrathful_warriors,
          guppyfry_lair_drakes
Lair:5:   guppyfry_lair_end_dragon, layout_gridlike, hangedman_lair_in_review,
          minmay_slime_entry_jelly_boxes, nicolae_volcano_entry_s_turn
Shoals:1: layout_shoals, serial_shops, nicolae_shop_bloodbath_and_beyond,
          nicolae_shoals_lost_giant_amphitheater,
          nicolae_shoals_spring_well_temple
Spider:1: layout_spider_delve, portal_ice_cave_entry_pillars_1,
          hangedman_spider_tarantella_strand
Spider:2: layout_spider_delve, nicolae_spider_not_touching_you
Spider:3: layout_spider_delve, nicolae_spider_rock_and_or_roll, uniq_arachne
Spider:4: grunt_spider_rune_island, gammafunk_ghost_cemetery
Orc:1:    layout_caves, serial_shops, nicolae_shop_hallway_plus,
          hellmonk_jugg_or_not, uniq_gastronok, uniq_fannar, uniq_nergalle,
          uniq_harold
Orc:2:    st_orc_congregation, layout_caves, ebering_ghost_rock_garden,
          serial_shops, nicolae_square_shop, nicolae_orc_flooded_monolith,
          uniq_rupert, uniq_maurice, uniq_saint_roka, uniq_urug

Skill      XL: |  1  2  3  4  5  6  7  8  9 10 11 12 13 14 15 16 17 |
---------------+----------------------------------------------------+-----
Polearms       | 2 3 4 5 6 8 10 13 14 | 14.0
Invocations    | 1 3 5 6 8 9 10 11 13 14 15 | 15.0
Evocations     | 4 5 6 7 8 9 |  9.0
Shields        | 4 5 7 8 10 | 10.4
Armour         | 4 5 7 8 10 12 13 | 13.8
Dodging        | 3 5 7 9 11 13 14 | 14.0
Fighting       | 6 7 9 10 11 13 14 | 14.1
Throwing       | 1 5 |  5.3

Action                   |  1- 3 |  4- 6 |  7- 9 | 10-12 | 13-15 | 16-18 || total
-------------------------+-------+-------+-------+-------+-------+-------++-------
Melee: Trident           |   142 |   125 |   391 |       |       |       ||   658
       Tailslap          |       |    14 |    61 |    83 |   119 |   181 ||   458
       Mace              |       |       |    16 |   164 |       |       ||   180
       Demon trident     |       |       |       |   325 |   796 |  1046 ||  2167
Throw: Dart              |       |       |    17 |    28 |     2 |    11 ||    58
       Javelin           |       |       |       |       |     5 |       ||     5
Invok: Draw Summoning    |       |     2 |     1 |     1 |    19 |     8 ||    31
       Draw Destruction  |       |       |     4 |     8 |    25 |    11 ||    48
       Stack Five        |       |       |       |     1 |       |       ||     1
Evoke: Wand              |       |       |       |     3 |     5 |     2 ||    10
  Use: Scroll            |       |       |     7 |    18 |     8 |     3 ||    36
       Potion            |       |       |     3 |     1 |     1 |     2 ||     7
 Stab: Sleeping          |       |       |     3 |       |       |       ||     3
       Distracted        |       |       |     2 |       |    10 |     4 ||    16
       Petrified         |       |       |       |       |     3 |       ||     3
       Invisible         |       |       |       |       |     8 |       ||     8
Armor: Scale mail        |    50 |    35 |       |       |     7 |       ||    92
       Steam dragon scal |       |    12 |    90 |    15 |       |       ||   117
       Ring mail         |       |       |       |    76 |    16 |       ||    92
       Chain mail        |       |       |       |       |    68 |       ||    68
       Fire dragon scale |       |       |       |       |     6 |       ||     6
       Gold dragon scale |       |       |       |       |    55 |   490 ||   545
Dodge: Dodged            |    51 |    24 |   113 |   100 |   140 |   271 ||   699
Block: Buckler           |    32 |     5 |       |       |       |       ||    37
       Kite shield       |       |    43 |   301 |   315 |   539 |   582 ||  1780
       Reflection        |       |       |       |     8 |    51 |       ||    59
       Tower shield      |       |       |       |       |       |   105 ||   105

Table legend: (Time is in decaauts)
 A = Elapsed time spent in this place.
 B = Non-inter-level travel time spent in this place.
 C = Inter-level travel time spent in this place.
 D = Time resting spent in this place.
 E = Time spent auto-exploring this place.
 F = Levels seen in this place.
 G = Mean time per level.
                   A        B        C        D        E       F      G
               +--------+--------+--------+--------+--------+-----+--------+
         Total |  35438 |  32496 |   2942 |   6152 |  18995 |  32 | 1107.4 |
       Dungeon |  18375 |  16397 |   1978 |   3525 |   9714 |  15 | 1225.0 |
          Lair |   7019 |   6529 |    490 |    941 |   4487 |   5 | 1403.8 |
        Shoals |   1091 |   1077 |     14 |    179 |    610 |   1 | 1091.0 |
   Spider Nest |   3804 |   3595 |    209 |    352 |   1908 |   4 |  951.0 |
  Orcish Mines |   1990 |   1741 |    249 |    298 |   1023 |   2 |  995.0 |
       Ossuary |    479 |    479 |      0 |     19 |    293 |   1 |  479.0 |
        Bailey |   1278 |   1278 |      0 |    596 |    417 |   1 | 1278.0 |
      Ice Cave |    712 |    712 |      0 |    233 |    214 |   1 |  712.0 |
       Volcano |    305 |    305 |      0 |      6 |    125 |   1 |  305.0 |
      Gauntlet |    382 |    382 |      0 |      0 |    203 |   1 |  382.0 |
               +--------+--------+--------+--------+--------+-----+--------+

Top non-repeatable levels by time:
     D:7: 2462 daAuts
    D:12: 2256 daAuts
  Lair:5: 1864 daAuts
    D:14: 1655 daAuts
     D:2: 1597 daAuts
  Lair:3: 1524 daAuts
     D:8: 1435 daAuts
  Lair:1: 1433 daAuts
     D:9: 1288 daAuts
  Bailey: 1278 daAuts
  Lair:2: 1235 daAuts
    D:11: 1223 daAuts
Spider:1: 1207 daAuts
Spider:4: 1156 daAuts
Shoals:1: 1091 daAuts
